 Dungeon Crawl Stone Soup version 0.23.0-28-g6fe0f4dc8b (webtiles) character file.

Game seed: 9223919675791166136

53377 Kisielow the Scorcher (level 14, -18/78 HPs)
             Began as a Deep Elf Fire Elementalist on Feb 25, 2019.
             Was a High Priest of Vehumet.
             Killed from afar by a hell hound (39 damage)
             ... with a blast of flame
             ... on level 6 of the Lair of Beasts.
             The game lasted 01:26:00 (25252 turns).

Kisielow the Scorcher (Deep Elf Fire Elementalist) Turns: 25252, Time: 01:26:01

Health: -18/78     AC:  7    Str:  5    XL:     14   Next: 30%
Magic:  1/30       EV: 16    Int: 34    God:    Vehumet [*****.]
Gold:   1118       SH:  3    Dex: 15    Spells: 0/34 levels left

rFire    x . .     SeeInvis .   F - +6 rapier "Dicke Esesch" {pierce, rF- Int+6}
rCold    . . .     Gourm    .   B - +0 buckler
rNeg     . . .     Faith    +   q - +0 troll leather armour
rPois    .         Spirit   .   (no helmet)
rElec    .         Reflect  .   z - scarf {repulsion}
rCorr    .         Harm     .   o - +0 pair of gloves
MR       +....     Rnd*Rage +   t - +1 pair of boots
Stlth    +++.......             i - amulet of faith
HPRegen  0.63/turn              r - +2 ring of evasion
MPRegen  0.22/turn              d - ring of stealth

@: lethally poisoned (-18 -> -22), repel missiles
A: berserk 1, clever 1
a: Renounce Religion


You were on level 6 of the Lair of Beasts.
You worshipped Vehumet.
Vehumet was extremely pleased with you.
You were very hungry.

You visited 3 branches of the dungeon, and saw 17 of its levels.

You collected 1118 gold pieces.

Inventory:

Hand Weapons
 F - the +6 rapier "Dicke Esesch" (weapon) {pierce, rF- Int+6}
   (You found it on level 2 of the Lair of Beasts)

   It inflicts extra damage upon your enemies.
   It affects your intelligence (+6).
   It makes you vulnerable to fire.
Armour
 o - a +0 pair of gloves (worn)
 q - a +0 troll leather armour (worn)
 t - a +1 pair of boots (worn)
 x - a scarf of resistance
 y - a +1 cloak of magic resistance
 z - a scarf of repulsion (worn)
 B - a +0 buckler (worn)
 C - +2 pearl dragon scales
Jewellery
 d - a ring of stealth (right hand)
 i - an amulet of faith (around neck)
 n - a +3 amulet of reflection
 r - a +2 ring of evasion (left hand)
 J - a +4 ring of dexterity
Wands
 b - a wand of digging (3)
 p - a wand of clouds (5)
 D - a wand of disintegration (13)
 G - a wand of paralysis (5)
Scrolls
 e - 13 scrolls of identify
 g - 8 scrolls of remove curse
 m - 8 scrolls of magic mapping
 v - a scroll of amnesia
 A - a scroll of fog
 I - 2 scrolls of enchant weapon
Potions
 a - a potion of agility
 f - 3 potions of flight
 h - 6 potions of curing
 j - 3 potions of brilliance
 k - 9 potions of heal wounds
 l - 4 potions of cancellation
 s - a potion of resistance
 u - a potion of haste
Comestibles
 c - 12 rations


   Skills:
 - Level 5.0 Fighting
 - Level 7.0 Dodging
 - Level 2.4 Stealth
 + Level 10.8 Spellcasting
 * Level 14.7 Conjurations
 * Level 15.5 Fire Magic
 - Level 10.0 Earth Magic


You couldn't memorise any spells.
You knew the following spells:

 Your Spells              Type           Power        Failure   Level  Hunger
a - Iron Shot             Conj/Erth      #######...   1%          6    ####...
d - Mephitic Cloud        Conj/Pois/Air  ######..     1%          3    None
e - Inner Flame           Hex/Fire       ######..     1%          3    None
f - Lee's Rapid Deconstr  Erth           ######....   1%          5    ##.....
q - Bolt of Magma         Conj/Fire/Erth #######...   1%          5    ##.....
r - Sticky Flame          Conj/Fire      #######.     1%          4    None
s - Fireball              Conj/Fire      #######...   1%          5    ##.....
w - Ignite Poison         Fire/Tmut/Pois ######..     1%          3    None

Your spell library contained the following spells:

 Spells                   Type           Power        Failure   Level  Hunger
 Flame Tongue             Conj/Fire      #####        0%          1    None
 Magic Dart               Conj           ####         0%          1    None
 Throw Flame              Conj/Fire      ######       0%          2    None
 Sting                    Conj/Pois      ####         1%          1    None
 Conjure Flame            Conj/Fire      #######.     1%          3    None
 Venom Bolt               Conj/Pois      ######....   2%          5    ##.....
 Summon Small Mammal      Summ           ###.         7%          1    None
 Blink                    Tloc           N/A          11%         2    None
 Call Imp                 Summ           ###.....     11%         2    None
 Poisonous Vapours        Pois/Air       ###...       11%         2    None
 Slow                     Hex            ###.....     11%         2    None
 Olgreb's Toxic Radiance  Pois           ###.....     17%         4    None
 Call Canine Familiar     Summ           ###.....     21%         3    None
 Summon Guardian Golem    Hex/Summ       ###.....     21%         3    None
 Yara's Violent Unravell  Hex/Tmut       ###.......   41%         5    ##.....
 Cause Fear               Hex            ###.......   56%         4    None
 Summon Ice Beast         Ice/Summ       ###.....     56%         4    None
 Summon Lightning Spire   Summ/Air       ###.....     56%         4    None
 Silence                  Hex/Air        ###.......   88%         5    ##.....
 Deflect Missiles         Chrm/Air       ###.......   100%        6    ####...
 Discord                  Hex            ###.......   100%        8    #######


Dungeon Overview and Level Annotations

Branches:
Dungeon (10/15)            Temple (1/1) D:5            Lair (6/6) D:10
  Swamp (0/4) Lair:2        Snake (0/4) Lair:2        Slime (0/5) Lair:5
    Orc: D:9-12

Altars:
Ashenzari
Cheibriados
Dithmenos
Elyvilon
Fedhas
Gozag
Hepliaklqana
Kikubaaqudgha
Makhleb
Nemelex Xobeh
Okawaru
Qazlal
Ru
Sif Muna
Trog
Uskayaw
Vehumet
Wu Jian
Xom
Yredelemnul
Zin
The Shining One
Jiyva

Annotations:
D:6 1 runed translucent door, SquishyGarg's ghost, novice FoFi


Innate Abilities, Weirdness & Mutations

You tend to lose your temper in combat.
Your mind is acute. (Int +2)


Message History

The black mamba poisons you! You block the black mamba's attack.
You feel sick.
The black mamba burns!
The black mamba bites you!
You barely miss the black mamba.
The black mamba is severely wounded.
You feel sick.
The black mamba burns!
The black mamba barely misses you. The black mamba misses you.
The hell hound barks!
You hit the black mamba.
The black mamba is almost dead.
You feel sick.
The black mamba burns!
The black mamba closely misses you. The black mamba misses you.
You hit the black mamba but do no damage.
The black mamba is almost dead.
You feel sick.
The black mamba burns!
The black mamba bites you!
* * * LOW HITPOINT WARNING * * *
The black mamba barely misses you. The hell hound breathes flames at you.
The blast of flame hits you!!! The fire burns you terribly!
Ouch! That really hurt!
You die...

##.......#≈#.. ..#≈ †...# #..
#........≈≈#.. .#§# ....# ##.
.....##≈≈§.#($ #≈≈ ... #.
.......#§≈.## ##≈≈##†# ##
...).....§≈.######≈≈≈≈..##
###......#≈§h§≈≈§≈#§≈.S≈≈# #
##......≈)≈≈§≈≈≈##≈.§≈≈##≈≈
## #
#8#8..#..###≈≈≈..##§≈§§§≈≈#
##.
#######8##..#...@S...##§§§§§#
#.. .###
###§§.#.........###§§## #P.
...# #≈≈#...........8# #§#
#.. .#.# #≈≈§##.........###
#≈## #.. ..##
#≈≈≈##8..........# ≈≈≈≈# ##.
.## #≈#≈ ##........###§≈≈# #.
.# ≈≈≈#§ #.#8#.....§.≈≈# ##.
.# #≈ #≈ ######....§§§8# ##..
.#### ##§≈≈§≈### ####...


You could see a black mamba (burning) and a hell hound.

Vanquished Creatures
  Harold (D:8)
  10 hydras
  2 two-headed ogres (D:10)
  Urug (Lair:3)
  A fire crab (Lair:3)
  A lindwurm (Lair:6)
  14 elephants
  An oklob plant (Lair:4)
  9 black mambas
  A gargoyle (D:9)
  7 spiny frogs
  7 komodo dragons
  3 molten gargoyles (Lair:6)
  A troll (D:10)
  4 polar bears
  2 hornets
  Prince Ribbit (D:7)
  A bog body (Lair:2)
  7 hippogriffs
  25 yaks
  2 wyverns (Lair:6)
  2 steam dragons (Lair:6)
  3 basilisks
  A hungry ghost (Temple)
  Grum (D:10)
  2 hell hounds (Lair:6)
  Duvessa (D:7)
  7 porcupines
  20 water moccasins
  4 orc warriors
  4 sky beasts
  2 black bears
  4 ice beasts
  5 ogres
  3 centaurs
  8 wolves
  15 crocodiles
  Blork the orc (D:5)
  A big kobold (D:6)
  19 bullfrogs
  Dowan (D:7)
  A water moccasin zombie (D:5)
  A scorpion (D:6)
  A water moccasin skeleton (D:8)
  5 killer bees (D:10)
  3 wights (D:6)
  2 howler monkeys (D:10)
  4 crimson imps
  4 jellies
  4 lava snakes (Lair:6)
  2 bullfrog zombies (D:5)
  6 hounds
  4 centaur skeletons
  4 orc priests
  Crazy Yiuf (D:5)
  3 bullfrog skeletons
  Terence (D:3)
  Ijyb (D:3)
  2 iguanas
  13 orc wizards
  11 worker ants
  A hound zombie (D:6)
  2 howler monkey skeletons
  A worker ant zombie (D:5)
  19 adders
  11 gnolls
  4 shadow imps
  An ooze (D:3)
  2 adder skeletons
  2 adder zombies
  6 worms
  2 dart slugs
  5 leopard geckos
  44 orcs
  4 giant cockroaches
  11 hobgoblins
  10 jackals
  2 quokkas
  2 ball pythons
  16 bats
  2 frilled lizards
  A giant cockroach zombie (D:6)
  10 goblins
  A jackal skeleton (D:5)
  17 kobolds
  A leopard gecko skeleton (D:6)
  A quokka skeleton (D:4)
  A quokka zombie (D:5)
  2 rats
  3 fungi
  A plant (Lair:4)
463 creatures vanquished.

Vanquished Creatures (collateral kills)
  A hell hound (Lair:5)
1 creature vanquished.

Vanquished Creatures (others)
  12 fungi
  3 plants
15 creatures vanquished.

Grand Total: 479 creatures vanquished

Notes
Turn   | Place    | Note
-------+----------+-------------------------------------------
     0 | D:1      | Kisielow the Deep Elf Fire Elementalist began the quest for
                  | the Orb.
     0 | D:1      | Reached XP level 1. HP: 10/10 MP: 6/6
   250 | D:1      | Reached XP level 2. HP: 15/15 MP: 5/8
   583 | D:1      | Learned a level 2 spell: Throw Flame
   771 | D:1      | Reached XP level 3. HP: 18/19 MP: 6/10
   781 | D:1      | Learned a level 3 spell: Inner Flame
   786 | D:1      | Learned a level 3 spell: Conjure Flame
  1571 | D:2      | Found a sparkling altar of Nemelex Xobeh.
  1577 | D:2      | Noticed Terence
  1691 | D:3      | Killed Terence
  1691 | D:3      | Reached skill level 4 in Fire Magic
  1691 | D:3      | Reached XP level 4. HP: 24/24 MP: 7/12
  1848 | D:2      | Found a faded altar of an unknown god.
  1874 | D:2      | Reached skill level 5 in Spellcasting
  2558 | D:3      | Reached XP level 5. HP: 27/28 MP: 5/14
  2628 | D:3      | Learned a level 4 spell: Sticky Flame
  3603 | D:3      | Noticed Ijyb
  3608 | D:3      | Killed Ijyb
  4053 | D:4      | Found a sacrificial altar of Ru.
  4099 | D:4      | Reached skill level 1 in Fighting
  4255 | D:4      | Reached XP level 6. HP: 34/34 MP: 4/15
  4430 | D:4      | Reached skill level 5 in Fire Magic
  4953 | D:5      | Entered Level 5 of the Dungeon
  4953 | D:5      | Noticed Blork the orc
  4953 | D:5      | Noticed a hungry ghost
  5087 | D:5      | Found a staircase to the Ecumenical Temple.
  5094 | Temple   | Entered the Ecumenical Temple
  5117 | Temple   | Became a worshipper of Vehumet
  5349 | Temple   | Killed a hungry ghost
  5349 | Temple   | Reached XP level 7. HP: 37/39 MP: 8/16
  5516 | D:5      | Killed Blork the orc
  5516 | D:5      | Reached skill level 6 in Fire Magic
  5598 | D:5      | Found an iron altar of Okawaru.
  5637 | D:5      | You fall through a shaft for 2 floors!
  5735 | D:6      | Reached skill level 5 in Conjurations
  6116 | D:6      | Noticed Prince Ribbit
  6126 | D:7      | Killed Prince Ribbit
  6126 | D:7      | Reached XP level 8. HP: 43/45 MP: 3/17
  6221 | D:7      | Reached * piety under Vehumet
  6221 | D:7      | Offered knowledge of Freeze by Vehumet.
  6494 | D:6      | Reached skill level 7 in Fire Magic
  6594 | D:6      | Reached skill level 5 in Dodging
  7411 | D:5      | Found an iron altar of Okawaru.
  8002 | D:5      | Reached ** piety under Vehumet
  8002 | D:5      | Offered knowledge of Shock by Vehumet.
  8361 | D:5      | Found a runed translucent door.
  8362 | D:5      | Noticed Crazy Yiuf
  8367 | D:5      | Killed Crazy Yiuf
  8449 | D:6      | Reached skill level 8 in Fire Magic
  8636 | D:6      | Found a runed translucent door.
  8636 | D:6      | Noticed SquishyGarg's ghost (novice FoFi)
  8662 | D:6      | Reached XP level 9. HP: 51/51 MP: 9/18
  9153 | D:7      | HP: 1/51 [cloud of flame (11)]
  9846 | D:7      | Reached skill level 9 in Fire Magic
 10271 | D:7      | Noticed Duvessa
 10272 | D:7      | Noticed Dowan
 10309 | D:7      | Killed Duvessa
 10453 | D:8      | Learned a level 5 spell: Fireball
 10458 | D:7      | Killed Dowan
 11245 | D:8      | Noticed Harold
 11299 | D:8      | Offered knowledge of Ignite Poison by Vehumet.
 11670 | D:8      | Gained mutation: You are weak. (Str -2) [potion of
                  | mutation]
 11670 | D:8      | Lost mutation: You are weak. (Str -2) [potion of mutation]
 11670 | D:8      | Gained mutation: You tend to lose your temper in combat.
                  | [potion of mutation]
 11670 | D:8      | Gained mutation: Your mind is acute. (Int +2) [potion of
                  | mutation]
 11677 | D:8      | Reached XP level 10. HP: 58/58 MP: 9/19
 11685 | D:8      | Killed Harold
 11685 | D:8      | Reached skill level 10 in Fire Magic
 11688 | D:8      | Reached *** piety under Vehumet
 11854 | D:8      | Learned a level 3 spell: Ignite Poison
 13487 | D:9      | Reached skill level 10 in Conjurations
 13892 | D:10     | Entered Level 10 of the Dungeon
 13892 | D:10     | Noticed a two-headed ogre
 13941 | D:10     | Reached skill level 5 in Fighting
 14075 | D:10     | Offered knowledge of Airstrike by Vehumet.
 14259 | D:10     | Noticed a two-headed ogre
 14281 | D:10     | Killed a two-headed ogre
 14281 | D:10     | Reached skill level 11 in Fire Magic
 14736 | D:10     | Noticed a gargoyle
 14822 | D:9      | Killed a gargoyle
 14822 | D:9      | Reached XP level 11. HP: 63/63 MP: 17/24
 14863 | D:10     | Learned a level 3 spell: Mephitic Cloud
 14890 | D:10     | Noticed Grum
 14895 | D:10     | Killed Grum
 14988 | D:10     | Found a staircase to the Lair.
 15473 | D:10     | Reached **** piety under Vehumet
 15994 | D:10     | Killed a two-headed ogre
 15994 | D:10     | Offered knowledge of Bolt of Magma by Vehumet.
 16004 | D:10     | Learned a level 5 spell: Bolt of Magma
 16316 | D:10     | Reached skill level 1 in Earth Magic
 16524 | Lair:1   | Entered Level 1 of the Lair of Beasts
 16844 | Lair:1   | Found an opulent altar of Gozag.
 17392 | Lair:1   | Noticed a seven-headed hydra
 17402 | Lair:1   | Killed a seven-headed hydra
 17404 | Lair:1   | Reached skill level 12 in Fire Magic
 17631 | Lair:1   | Reached skill level 5 in Earth Magic
 18112 | Lair:1   | Noticed an eight-headed hydra
 18114 | Lair:1   | Killed an eight-headed hydra
 18266 | Lair:2   | Noticed a five-headed hydra
 18400 | Lair:2   | Reached XP level 12. HP: 68/68 MP: 4/27
 18574 | Lair:2   | Reached skill level 10 in Spellcasting
 18574 | Lair:2   | Reached XP level 13. HP: 72/72 MP: 22/29
 18680 | Lair:2   | Found a staircase to the Snake Pit.
 18690 | Lair:2   | Reached skill level 10 in Earth Magic
 19525 | Lair:2   | Found a staircase to the Swamp.
 19791 | Lair:2   | Got a crystal rapier
 19792 | Lair:2   | Identified the +6 rapier "Dicke Esesch" {pierce, rF- Int+6}
                  | (You found it on level 2 of the Lair of Beasts)
 19827 | Lair:3   | Noticed Urug
 19830 | Lair:3   | Reached skill level 13 in Fire Magic
 19837 | Lair:3   | Killed Urug
 20521 | Lair:3   | Reached ***** piety under Vehumet
 20900 | Lair:4   | Offered knowledge of Lee's Rapid Deconstruction by Vehumet.
 20907 | Lair:4   | Learned a level 5 spell: Lee's Rapid Deconstruction
 21502 | Lair:4   | Reached skill level 14 in Fire Magic
 21786 | Lair:4   | Found the +8 whip "Snakebite" {curare, rPois}
 22661 | Lair:5   | You fall through a shaft!
 22661 | Lair:6   | Entered Level 6 of the Lair of Beasts
 22901 | Lair:5   | Got a creamy pearl robe
 22919 | Lair:5   | Identified the +0 robe "Jemov" {rElec Regen+ MP-9 Str-2
                  | Dex+6} (You found it on level 5 of the Lair of Beasts)
 23165 | Lair:5   | Found a viscous altar of Jiyva.
 23165 | Lair:5   | Found a staircase to the Slime Pits.
 24023 | Lair:6   | Reached skill level 15 in Fire Magic
 24028 | Lair:6   | Reached XP level 14. HP: 78/78 MP: 2/30
 24362 | Lair:6   | Offered knowledge of Iron Shot by Vehumet.
 24495 | Lair:5   | Learned a level 6 spell: Iron Shot
 25252 | Lair:6   | Killed from afar by a hell hound

Skill      XL: |  1  2  3  4  5  6  7  8  9 10 11 12 13 |
---------------+----------------------------------------+-----
Spellcasting   | 4 5 7 9 10 | 10.8
Conjurations   | 2 3 4 5 7 9 10 11 12 14 | 14.7
Fire Magic     | 4 5 6 8 9 11 12 15 | 15.5
Dodging        | 3 4 5 7 |  7.0
Fighting       | 1 2 3 4 5 |  5.0
Earth Magic    | 9 10 | 10.0
Stealth        | |  2.4

Action                   |  1- 3 |  4- 6 |  7- 9 | 10-12 | 13-15 || total
-------------------------+-------+-------+-------+-------+-------++-------
Melee: Mace              |       |       |    40 |       |       ||    40
       Spear             |       |       |    37 |       |       ||    37
       Dagger            |       |       |     1 |    41 |       ||    42
       Rapier            |       |       |       |       |    23 ||    23
 Cast: Flame Tongue      |    71 |    64 |   201 |   151 |       ||   487
       Throw Flame       |    10 |    57 |    61 |       |       ||   128
       Conjure Flame     |     2 |     5 |    15 |    11 |     1 ||    34
       Sticky Flame      |       |       |    23 |    16 |     7 ||    46
       Inner Flame       |       |       |     9 |     3 |       ||    12
       Fireball          |       |       |     5 |    25 |    20 ||    50
       Bolt of Magma     |       |       |       |    49 |   139 ||   188
       Mephitic Cloud    |       |       |       |    18 |    25 ||    43
       Ignite Poison     |       |       |       |     7 |    10 ||    17
       Iron Shot         |       |       |       |       |    28 ||    28
       Lee's Rapid Decon |       |       |       |       |     1 ||     1
Evoke: Wand              |       |       |     1 |     1 |     1 ||     3
  Use: Scroll            |       |     8 |     8 |     8 |     8 ||    32
       Potion            |       |       |    10 |     4 |     5 ||    19
  Eat: Chunk             |     2 |    10 |    20 |    24 |    19 ||    75
       Ration            |       |     1 |     1 |     4 |     5 ||    11
Armor: Robe              |     3 |     1 |    23 |     9 |       ||    36
       Skin              |       |       |     2 |    16 |       ||    18
       Troll leather arm |       |       |       |     5 |    14 ||    19
Dodge: Dodged            |    26 |    11 |   153 |    37 |    74 ||   301
       Deflected         |       |       |       |       |     2 ||     2
Block: Other             |       |     4 |    21 |       |       ||    25
       Reflection        |       |       |     4 |     3 |       ||     7
       Buckler           |       |       |    13 |    48 |    10 ||    71
